 Dungeon Crawl Stone Soup version 0.28.0-49-g6dfe1f597d (webtiles) character file.

Game seed: 16500382489954754786

424 Zeld the Conjurer (level 6, -11/51 HPs)
             Began as a Draconian Conjurer on May 17, 2022.
             Killed by divine providence
             ... invoked by an orc priest
              (13 damage)
             ... on level 4 of the Dungeon.
             The game lasted 00:08:49 (6237 turns).

Zeld the Conjurer (Draconian Conjurer)              Turns: 6237, Time: 00:08:49

Health: -11/51     AC:  7    Str:  9    XL:     6   Next: 64%
Magic:  1/11       EV: 12    Int: 20    God:
Gold:   176        SH:  0    Dex: 10    Spells: 1/12 levels left

rFire   . . .      SeeInvis .   (no weapon)
rCold   . . .      Faith    .   (no shield)
rNeg    . . .      Spirit   .   (armour unavailable)
rPois   .          Reflect  .   (helmet restricted)
rElec   .          Harm     .   (no cloak)
rCorr   .          Rampage  .   (no gloves)
Will    .....                   n - +0 pair of boots
Stlth   ++........              (no amulet)
HPRegen 0.17/turn               (no ring)
MPRegen 0.12/turn               (no ring)

@: no status effects
A: AC +6, unfitting armour, cold-blooded
a: no special abilities


You were on level 4 of the Dungeon.
You visited 1 branch of the dungeon, and saw 4 of its levels.

You collected 176 gold pieces.

Inventory:

Armour
 n - a +0 pair of boots (worn)
Scrolls
 a - 4 scrolls of teleportation {unknown}
 b - 2 scrolls of noise {unknown}
 e - a scroll of enchant weapon {unknown}
 f - 2 scrolls of fear {unknown}
 h - a scroll of brand weapon {unknown}
 k - a scroll of identify {unknown}
 l - a scroll of magic mapping {unknown}
Potions
 c - a potion of mutation {unknown}
 d - a potion of berserk rage {unknown}
 g - a potion of resistance {unknown}
 i - a potion of brilliance {unknown}
 j - a potion of curing {unknown}
 m - a potion of heal wounds {unknown}
 o - a potion of lignification {unknown}


   Skills:
 * Level 3.3 Fighting
 + Level 2.7 Dodging
 + Level 2.8 Stealth
 * Level 3.7 Spellcasting
 * Level 5.2 Conjurations
 + Level 0.4 Hexes
 + Level 0.2 Translocations


You had one spell level left.
You knew the following spells:

 Your Spells              Type           Power      Damage    Failure   Level
a - Magic Dart            Conj           96%        1d7       1%          1
b - Searing Ray           Conj           48%        2d6       2%          2
c - Fulminant Prism       Conj/Hex       7%         3d7       38%         4
d - Iskenderun's Mystic   Conj/Tloc      14%        2d5       38%         4

Your spell library contained the following spells:

 Spells                   Type           Power      Damage    Failure   Level
 Dazzling Flash           Conj/Hex       30%        N/A       12%         3


Dungeon Overview and Level Annotations

Branches:
Dungeon (4/15)
 Temple: D:4-7

Altars:

Shops:
D:3 [


Innate Abilities, Weirdness & Mutations

Your plain brown scales are hard. (AC +6)
You cannot fit into any form of body armour.
You are cold-blooded and may be slowed by cold attacks.


Message History

Confirm with . or Enter, or press ? or * to list all spells.
You don't have enough magic to cast this spell.
The orc priest closely misses you.
Unknown command.
Casting: Searing Ray (safe; 2% risk of failure)
Confirm with . or Enter, or press ? or * to list all spells.
You don't have enough magic to cast this spell.
Unknown command.
Unknown command.
You closely miss the orc priest.
The orc priest is severely wounded.
The orc priest hits you with a +0 hand axe.
You hit the orc priest but do no damage.
The orc priest is severely wounded.
The orc priest barely misses you.
You completely miss the orc priest.
Your tail-slap misses the orc priest.
The orc priest is severely wounded.
The orc priest mumbles some strange prayers to Beogh against you.
You barely resist.
The orc priest calls down the wrath of Beogh upon you.
Pain shoots through your body!
Casting: Searing Ray (safe; 2% risk of failure)
Confirm with . or Enter, or press ? or * to list all spells.
Aiming: Magic Dart (safe; 1% risk of failure)
Press: ? - help, Shift-Dir - straight line, f/p - orc priest
Aim: an orc priest, wielding a +0 hand axe (severely wounded, 100% to hit)
The magic dart hits the orc priest.
The orc priest is almost dead.
Unknown command.
You open the door.
The orc priest calls down the wrath of Beogh upon you.
Pain shoots through your body!
* * * LOW HITPOINT WARNING * * *
The orc priest mumbles some strange prayers to Beogh against you.
Beogh smites you!
* * * LOW HITPOINT WARNING * * *
There is an open door here.
The orc priest mumbles some strange prayers to Beogh against you.
Beogh smites you!
You die...

#.8...8.. # .... ...#... #
...###.###.## #
....#...#....##### #
.J8...8...8......# ##### #
.................# #...#.#####
<.B..............######.#.#......
..l....:.........'...o....#.####.
###o............@######.########.
#...[............))<......#...e
#..................##.###.#.##.
#l.................+..# #.#.##.
#..................#### #.#.##.
#..................# #.#.##.
#.....#######'###### #......
#.#############.### #
#..............#


You could see an orc priest.

Vanquished Creatures
  Duvessa (D:4)
  Dowan (D:4)
  A jelly (D:3)
  A bullfrog skeleton (D:4)
  An iguana (D:4)
  3 adders (D:2)
  4 gnolls (D:3)
  2 worms (D:2)
  A dart slug (D:3)
  6 orcs
  3 ball pythons
  7 endoplasms
  7 giant cockroaches
  7 goblins
  8 hobgoblins
  13 jackals
  8 quokkas
  10 bats
  4 frilled lizards
  9 kobolds
  7 rats
104 creatures vanquished.

Notes
Turn   | Place    | Note
-------+----------+-------------------------------------------
     0 | D:1      | Zeld the Draconian Conjurer began the quest for the Orb.
     0 | D:1      | Reached XP level 1. HP: 14/14 MP: 3/3
   369 | D:1      | Reached XP level 2. HP: 22/22 MP: 0/5
   427 | D:1      | Learned a level 2 spell: Searing Ray
   515 | D:1      | Reached skill level 1 in Fighting
   572 | D:1      | Found a faded altar of an unknown god.
  1047 | D:1      | Reached XP level 3. HP: 28/28 MP: 2/6
  1967 | D:2      | HP: 1/28 [worm (8)]
  3087 | D:2      | Reached XP level 4. HP: 23/36 MP: 0/8
  4311 | D:3      | Reached XP level 5. HP: 41/41 MP: 4/9
  4718 | D:3      | Found Itoxzuq's Antique Armour Boutique.
  5666 | D:4      | Noticed Duvessa
  5666 | D:4      | Noticed Dowan
  5874 | D:4      | Killed Duvessa
  5875 | D:4      | Reached skill level 5 in Conjurations
  5875 | D:4      | Reached XP level 6. HP: 29/51 MP: 7/11
  5880 | D:4      | Learned a level 4 spell: Fulminant Prism
  5885 | D:4      | Learned a level 4 spell: Iskenderun's Mystic Blast
  6007 | D:4      | Killed Dowan
  6236 | D:4      | HP: 1/51 [orc priest/divine providence (10)]
  6237 | D:4      | Killed from afar by an orc priest

Illustrated notes

Levels and vault maps discovered:
D:1:      dpeg_arrival_morbid_curiosity, layout_basic,
          chequers_ecumenical_altar_simple_redux
D:2:      minmay_razor_zed, layout_loops_corners
D:3:      layout_rooms, serial_shops, nicolae_shop_trees
D:4:      layout_basic, mainiacjoe_overflow_24_doors,
          minmay_misc_feat_four_crosses, uniq_duvessa

Skill      XL: |  1  2  3  4  5 |
---------------+----------------+-----
Fighting       | 1 2 3 |  3.3
Stealth        | 2 |  2.8
Dodging        | 2 |  2.7
Spellcasting   | 3 |  3.7
Conjurations   | 5 |  5.2
Hexes          | |  0.4
Translocations | |  0.2

Action                   |  1- 3 |  4- 6 || total
-------------------------+-------+-------++-------
Melee: Unarmed           |    65 |     9 ||    74
       Tailslap          |     9 |     2 ||    11
 Cast: Magic Dart        |    91 |    86 ||   177
       Searing Ray       |     7 |    14 ||    21
 Stab: Sleeping          |     1 |       ||     1
Armor: Skin              |    23 |    22 ||    45
Dodge: Dodged            |    45 |    47 ||    92
